Map: Ruby Rock LE

Players

herO

  • Race: Protoss Protoss

Reynor - Winner!

  • Race: Zerg Zerg

VOD

Have the link to the VOD?

Description

Time

  • Played on: Jan. 18, 2026, 2:48 a.m.
  • Length: 14:41
Show
View Real Time Build Order
Export as new Build Order

herO Protoss 

Build Orders: 1 Gate Expand, Oracle Opening, Zealot Archon 

Get SALT Encoding   

  12  0:00  Probe  
  13  0:12  Probe  
  14  0:17  Pylon  
  14  0:23  Probe  
  15  0:31  Probe  
  16  0:37  Gateway  
  16  0:39  Probe  
  16  0:46  Assimilator  
  17  0:50  Probe  
  18  1:03  Probe  
  19  1:15  Probe  
  20  1:24  Nexus  
  20  1:33  Cybernetics Core  
  20  1:36  Probe  
  21  1:42  Assimilator  
  21  1:48  Probe  
  21  1:53  Pylon  
  22  2:00  Probe  
  23  2:08  Probe  
  23  2:11  Adept  
  23  2:15  Stargate  
  26  2:16  Probe  
  26  2:22  Warp Gate  
  27  2:25  Probe  
  28  2:32  Probe  
  28  2:33  Probe  
  29  2:38  Stalker  
  29  2:40  Probe  
  29  2:41  Probe  
  33  2:50  Probe  
  34  2:51  Oracle  
  34  2:53  Probe  
  39  3:06  Probe x2  
  39  3:08  Adept  
  39  3:11  Pylon  
  43  3:18  Probe x2  
  45  3:22  Oracle  
  45  3:23  Gateway  
  45  3:30  Probe  
  45  3:31  Probe  
  50  3:46  Nexus  
  50  3:48  Pylon  
  50  3:52  Probe x2  
  52  4:01  Assimilator  
  52  4:02  Assimilator  
  52  4:06  Probe x2, Oracle  
  52  4:09  Pylon  
  57  4:15  Forge  
  57  4:20  Twilight Council  
  57  4:22  Probe x2  
  59  4:34  Probe x2  
  59  4:38  Gateway  
  61  4:39  Gateway  
  61  4:42  Stalker x2  
  65  4:46  Probe x2  
  65  4:51  Protoss Ground Weapons Level 1, Blink  
  67  4:55  Probe  
  67  4:56  Shield Battery, Probe  
  67  4:58  Probe  
  70  5:03  Probe  
  70  5:07  Probe  
  70  5:10  Probe  
  70  5:13  Probe  
  70  5:14  Stalker  
  75  5:15  Probe  
  75  5:19  Stalker  
  80  5:28  Probe x2  
  80  5:29  Probe  
  80  5:32  Gateway x2  
  82  5:36  Stalker  
  82  5:37  Pylon  
  84  5:43  Gateway  
  84  5:45  Gateway  
  84  5:48  Probe  
  85  5:51  Pylon  
  85  5:52  Templar Archives  
  85  5:55  Probe, Stalker  
  88  5:58  Stalker  
  90  6:05  Probe  
  91  6:16  Stalker x2  
  93  6:18  Nexus  
  93  6:20  Pylon  
  91  6:28  Probe  
  91  6:29  Probe x2  
  91  6:30  Pylon  
  91  6:32  Charge, Protoss Ground Armor Level 1  
  94  6:34  Stalker x3  
  94  6:39  Photon Cannon  
  100  6:40  Shield Battery  
  100  6:41  Probe  
  100  6:42  Probe x2  
  103  6:52  Zealot x5  
  113  7:01  Probe x3  
  113  7:03  Gateway  
  113  7:04  Gateway  
  116  7:15  Pylon  
  116  7:16  Pylon  
  116  7:19  Gateway  
  116  7:20  Gateway  
  116  7:23  Probe  
  116  7:26  Assimilator  
  116  7:28  Assimilator  
  117  7:30  Probe x2  
  117  7:31  Probe  
  117  7:32  High Templar x4, Photon Cannon, Zealot  
  117  7:33  Zealot  
  132  7:37  Archon x2  
  132  7:49  Zealot x2  
  136  7:51  Probe  
  136  7:52  Probe x2  
  136  7:56  Assimilator  
  139  8:00  Pylon x2  
  139  8:01  High Templar x2  
  139  8:02  Pylon  
  139  8:03  Pylon  
  143  8:06  Probe x3  
  143  8:07  Probe, Archon  
  143  8:10  Protoss Ground Weapons Level 2  
  143  8:11  Assimilator  
  147  8:28  High Templar x2, Zealot  
  147  8:29  Zealot x5  
  147  8:32  Archon  
  163  8:37  Zealot x4  
  163  8:39  Nexus  
  171  8:41  Fleet Beacon  
  171  8:51  Pylon  
  171  8:52  Pylon  
  171  9:06  Zealot x4  
  147  9:22  Mothership  
  147  9:23  Tempest  
  147  9:29  High Templar  
  147  9:30  High Templar x3, Zealot x8  
  165  9:37  Archon  
  167  9:43  Photon Cannon  
  167  9:45  Photon Cannon  
  167  9:46  Photon Cannon  
  167  9:47  Stargate, Shield Battery  
  167  9:49  Shield Battery  
  167  9:50  Stargate  
  167  9:51  Shield Battery  
  167  9:53  Photon Cannon  
  167  9:54  Zealot x8  
  167  9:56  Archon  
  183  10:04  Pylon  
  183  10:10  Tempest  
  171  10:17  High Templar x2  
  171  10:18  Zealot x10  
  193  10:31  Assimilator  
  193  10:34  Protoss Shields Level 1  
  193  10:35  Assimilator  
  178  10:37  Tempest  
  178  10:38  Tempest  
  178  10:42  Tempest  
  146  10:54  Zealot x4  
  146  11:00  Archon  
  146  11:02  Zealot x4  
  125  11:12  Tempest x2  
  125  11:13  Oracle  
  131  11:27  Zealot x4  
  131  11:30  Sentry x2  
  136  11:46  Tempest  
  136  11:51  Probe x4  
  144  11:56  High Templar  
  144  11:57  High Templar  
  144  12:00  Archon  
  148  12:02  Zealot x3  
  148  12:03  Probe  
  136  12:20  High Templar x2, Zealot  
  131  12:24  Zealot x4  
  131  12:27  Archon  
  108  12:39  Tempest  
  92  12:55  Zealot x3  
  82  12:58  Oracle  
  70  13:49  High Templar x2  
  70  13:54  Archon  
  74  13:58  Zealot x5  
  84  14:03  Oracle  
  70  14:24  Zealot x2  
Show
View Real Time Build Order
Export as new Build Order

Reynor Zerg - Winner!

Build Orders: Hatch First, Lurkers 

Get SALT Encoding   

  12  0:00  Drone  
  13  0:07  Drone  
  14  0:14  Extractor, Drone  
  15  0:21  Overlord  
  15  0:39  Drone  
  16  0:45  Hatchery  
  16  0:49  Drone  
  16  0:52  Drone  
  16  0:56  Drone  
  18  1:06  Extractor  
  17  1:12  Spawning Pool  
  17  1:14  Drone  
  17  1:17  Drone  
  18  1:27  Drone  
  19  1:37  Drone  
  20  1:47  Drone  
  21  1:58  Queen x2  
  21  2:00  Zergling x2  
  26  2:01  Overlord  
  26  2:08  Drone  
  26  2:10  Drone  
  26  2:13  Metabolic Boost  
  28  2:20  Drone  
  28  2:21  Drone  
  30  2:30  Drone  
  30  2:31  Drone  
  30  2:34  Queen  
  34  2:46  Hatchery, Zergling x2  
  34  2:52  Overlord  
  34  2:53  Drone  
  34  2:54  Drone  
  36  3:07  Overlord  
  36  3:09  Queen  
  36  3:10  Drone  
  36  3:11  Drone x2  
  41  3:15  Zergling x2  
  41  3:16  Zergling x2  
  42  3:21  Drone  
  42  3:22  Overlord  
  43  3:29  Queen  
  43  3:31  Drone  
  43  3:33  Drone  
  47  3:39  Overlord  
  47  3:40  Drone x2  
  49  3:45  Drone x2  
  49  3:47  Spore Crawler  
  50  3:50  Drone x2  
  50  3:52  Overlord  
  52  3:57  Spore Crawler, Drone  
  52  3:58  Drone  
  52  4:01  Drone  
  54  4:05  Drone  
  54  4:09  Zergling x2  
  56  4:12  Zergling x4  
  56  4:13  Zergling x6  
  56  4:14  Drone x2  
  63  4:19  Overlord, Drone  
  64  4:24  Drone  
  64  4:25  Spore Crawler  
  64  4:30  Drone  
  64  4:31  Drone  
  63  4:39  Roach Warren  
  63  4:40  Drone  
  63  4:41  Drone  
  63  4:42  Drone  
  63  4:44  Drone  
  66  4:45  Hatchery  
  66  4:47  Drone x2  
  66  4:49  Drone  
  66  4:50  Drone  
  69  4:53  Lair  
  69  4:55  Drone  
  69  4:56  Drone  
  69  4:59  Drone x2  
  73  5:00  Drone  
  73  5:06  Drone x3  
  77  5:07  Extractor  
  77  5:08  Overlord, Drone  
  77  5:14  Drone x3  
  77  5:16  Overlord  
  77  5:19  Drone, Overlord  
  81  5:22  Overlord  
  81  5:25  Overlord, Drone  
  81  5:26  Drone  
  82  5:30  Extractor  
  82  5:35  Extractor  
  80  5:36  Zergling x8  
  80  5:37  Drone x2  
  80  5:40  Drone x2  
  80  5:42  Zergling x2  
  89  5:46  Zergling x2  
  89  5:48  Zergling x2  
  91  5:52  Zergling x2  
  91  5:55  Hydralisk Den  
  91  5:58  Drone  
  91  5:59  Zergling x4  
  91  6:00  Evolution Chamber, Hatchery  
  91  6:01  Zergling x6  
  95  6:05  Zergling x6  
  96  6:12  Drone x3  
  96  6:14  Drone x2  
  96  6:17  Drone x3  
  103  6:20  Drone x2  
  103  6:23  Drone  
  103  6:25  Muscular Augments  
  103  6:28  Hydralisk  
  103  6:29  Zerg Missile Weapons Level 1  
  103  6:31  Hydralisk x2  
  109  6:33  Overlord  
  109  6:34  Hydralisk x3  
  109  6:36  Drone  
  116  6:40  Hydralisk  
  116  6:41  Extractor, Overlord  
  116  6:42  Hydralisk  
  116  6:43  Zergling x2  
  116  6:44  Overlord  
  116  6:46  Drone  
  121  6:47  Spore Crawler  
  121  6:51  Overlord, Hydralisk  
  121  6:55  Hydralisk x2, Zergling x2  
  121  6:56  Zergling x2  
  121  6:57  Drone  
  121  6:58  Overlord  
  128  7:01  Drone x2  
  128  7:04  Zergling x4  
  128  7:05  Infestation Pit  
  128  7:07  Zergling x4  
  132  7:10  Overlord  
  132  7:11  Hydralisk, Zergling x2  
  135  7:16  Drone x3  
  135  7:18  Hydralisk x2  
  135  7:19  Zergling x2  
  135  7:21  Drone  
  144  7:23  Drone  
  144  7:27  Drone  
  146  7:32  Zergling x8  
  146  7:36  Overlord  
  151  7:37  Zergling x2, Lurker Den  
  151  7:40  Drone x3  
  151  7:42  Extractor, Hive, Drone  
  153  7:44  Hydralisk  
  153  7:45  Extractor  
  153  7:46  Hydralisk  
  153  7:47  Zergling x8  
  160  7:53  Overlord, Hydralisk x2  
  160  7:55  Hydralisk  
  160  7:57  Zergling x4  
  168  7:58  Drone  
  168  7:59  Drone x2  
  168  8:01  Baneling Nest, Zergling x2  
  170  8:07  Drone  
  170  8:08  Drone  
  170  8:10  Spine Crawler, Hydralisk x2  
  170  8:11  Zergling x2  
  176  8:13  Spine Crawler  
  176  8:19  Extractor  
  174  8:21  Evolution Chamber  
  174  8:23  Zerg Melee Weapons Level 1  
  173  8:27  Drone x2  
  173  8:29  Spine Crawler  
  173  8:32  Overlord  
  173  8:33  Drone  
  175  8:35  Spine Crawler, Drone  
  175  8:36  Lurker x4  
  175  8:40  Overlord  
  179  8:45  Drone  
  179  8:46  Overlord  
  180  8:57  Overlord  
  180  9:01  Hydralisk x6, Zergling x4  
  182  9:07  Seismic Spines  
  177  9:11  Hydralisk  
  177  9:12  Zergling x16  
  177  9:15  Hydralisk  
  177  9:16  Zergling x12  
  188  9:21  Grooved Spines  
  188  9:23  Hydralisk, Zergling x2  
  188  9:24  Zergling x12  
  188  9:42  Lurker x6  
  188  9:43  Lurker  
  193  9:49  Lurker  
  193  9:50  Drone  
  193  9:51  Drone  
  194  9:54  Spore Crawler x2, Zerg Missile Weapons Level 2, Hydralisk  
  194  9:55  Zergling x10  
  199  10:07  Hydralisk x2, Zergling x12  
  188  10:08  Zergling x4  
  188  10:10  Hydralisk  
  188  10:11  Zergling x4  
  195  10:21  Hydralisk x2  
  195  10:22  Zergling x2  
  196  10:30  Queen  
  196  10:34  Hydralisk x3  
  196  10:35  Zergling x6  
  200  10:41  Drone  
  184  10:45  Hydralisk x6  
  184  10:46  Zergling x8  
  184  10:47  Queen  
  197  10:50  Adaptive Talons  
  190  11:01  Hydralisk x8  
  186  11:06  Hydralisk  
  186  11:07  Hydralisk  
  186  11:10  Lurker x2, Overseer  
  180  11:12  Zergling x2  
  180  11:16  Drone  
  180  11:17  Zergling x6  
  184  11:19  Overseer x2  
  184  11:21  Zergling x6  
  184  11:22  Zergling x2, Hydralisk  
  190  11:25  Hatchery  
  190  11:32  Hydralisk, Zergling x4  
  189  11:33  Zergling x2  
  189  11:35  Adrenal Glands  
  189  11:39  Lurker  
  183  11:41  Zergling x6  
  183  11:43  Lurker  
  183  11:45  Zergling x8  
  183  11:46  Lurker  
  188  11:53  Lurker  
  189  11:54  Lurker  
  189  11:55  Zergling x8  
  189  11:56  Zergling x4  
  189  11:59  Hydralisk  
  193  12:03  Hydralisk  
  193  12:04  Zergling x2  
  190  12:09  Hydralisk x2  
  190  12:10  Hydralisk, Zergling x4  
  190  12:11  Hydralisk x2  
  190  12:12  Zergling x2  
  190  12:15  Overseer x2  
  188  12:19  Overlord  
  188  12:20  Hydralisk x4  
  188  12:21  Zergling x6  
  187  12:23  Overlord  
  171  12:30  Hydralisk x4  
  171  12:36  Hydralisk x2, Zergling x2  
  171  12:37  Zergling x2  
  163  12:41  Hydralisk x2, Zergling x2  
  149  12:44  Hydralisk  
  149  12:45  Zergling x4  
  149  12:48  Hydralisk  
  149  12:49  Zergling x2  
  147  12:52  Hydralisk  
  147  12:53  Zergling x2  
  140  12:59  Hydralisk  
  140  13:00  Hydralisk x2  
  140  13:02  Zergling x2  
  140  13:03  Hydralisk  
  147  13:09  Hydralisk, Zergling x4  
  147  13:10  Zergling x4  
  150  13:17  Hydralisk  
  150  13:18  Zergling x10  
  150  13:27  Overseer x3  
  150  13:32  Hydralisk x4  
  152  13:36  Hydralisk x2  
  153  13:45  Hydralisk x2  
  153  13:46  Zergling x12  
  163  13:50  Hydralisk x2  
  163  13:52  Zergling x2  
  148  14:10  Hydralisk x5  
  148  14:16  Overseer x2  
  147  14:18  Zergling x18  
Tags
 
Add a new tag
Caveats
  • Supply blocks, unpowered buildings, or Contaminate may cause inaccurate times.
  • Supply counts are checked every 10 seconds.